 Dungeon Crawl Stone Soup version 0.18-a0-844-g9229740 (webtiles) character file.

90 M4edhros the Sneak (level 4, 0/28 HPs)
             Began as an Octopode Artificer on Dec 18, 2015.
             Slain by an adder (1 damage)
             ... on level 3 of the Dungeon.
             The game lasted 00:02:55 (1394 turns).

M4edhros the Sneak (Octopode Artificer)             Turns: 1394, Time: 00:02:55

Health: 0/28       AC:  1    Str: 14    XL:     4   Next: 56%
Magic:  6/6        EV: 13    Int: 15    God:
Gold:   91         SH:  0    Dex: 12    Spells: 0 memorised, 3 levels left

rFire  . . .     SeeInvis .     k - +2 dagger (venom)
rCold  . . .     Gourm    +     (no shield)
rNeg   . . .     Faith    .     (helmet restricted)
rPois  .         Spirit   .     o - amulet of the gourmand
rElec  .         Dismiss  .     l - +4 ring of strength
rCorr  .         Reflect  .     (no ring)
SustAt .         Harm     .     (no ring)
MR     .....                    (no ring)
Stlth  ++........               (no ring)
                                (no ring)
                                (no ring)
                                (no ring)

@: confused, not resistant to hostile enchantments, unstealthy
A: almost no armour, amphibious, 8 rings, constrict 8, camouflage 1, gelatinous
body 1
a: no special abilities


You were on level 3 of the Dungeon.
You were not hungry.

You visited 1 branch of the dungeon, and saw 3 of its levels.

You collected 91 gold pieces.

Inventory:

Hand Weapons
 a - a +0 short sword
 k - a +2 dagger of venom (weapon)
Missiles
 e - 18 stones (quivered)
 i - 13 sling bullets
Jewellery
 l - a +4 ring of strength (left tentacle)
 o - an amulet of the gourmand (around mantle)
Wands
 b - a wand of flame (13)
 c - a wand of enslavement (13)
 d - a wand of random effects (15)
Scrolls
 m - a scroll of identify
 p - a scroll of amnesia {unknown}
Comestibles
 f - 3 bread rations
 g - 2 meat rations
 h - 4 fruits
 j - a beef jerky
 n - a chunk of flesh


   Skills:
 - Level 1.0 Fighting
 - Level 1.0 Short Blades
 * Level 3.2 Dodging
 * Level 4.3 Stealth
 + Level 3.7 Evocations


You had 3 spell levels left.
You didn't know any spells.

Dungeon Overview and Level Annotations

Branches:
Dungeon (3/15)

Altars:


Innate Abilities, Weirdness & Mutations

You cannot wear most types of armour.
You are amphibious.
You can wear up to eight rings at the same time.
You can use your tentacles to constrict eight enemies at once.
Your skin changes colour to match your surroundings (Stealth).
Your rubbery body absorbs attacks (AC +1).


Message History

The orc wizard mumbles some strange words.
The orc wizard flickers and vanishes!
Deactivating autopickup; reactivate with Ctrl-A.
Evoke which item? (* to show all) (? for menu, Esc to quit)
Zapping:
c - a wand of enslavement (15)
Press: ? - help, Shift-Dir - straight line, f - hobgoblin
Aim: a hobgoblin, wielding a club (severely wounded, chance to defeat MR: 85%) Nothing appears to happen.
This wand has 14 charges left.
Reactivating autopickup.
You feel a bit more experienced. The orc misses you. The hobgoblin misses you.
The orc closely misses you.
Evoke which item? (* to show all) (? for menu, Esc to quit)
Zapping:
c - a wand of enslavement (14)
Press: ? - help, Shift-Dir - straight line, f - hobgoblin
Aim: a hobgoblin, wielding a club (severely wounded, chance to defeat MR: 85%)
The orc is charmed.
This wand has 13 charges left.
The adder bites you.
* * * LOW HITPOINT WARNING * * *
Your orc hits the adder with a club. The hobgoblin closely misses you.
The orc closely misses you. The adder bites you.
You die...

.... #....S. .... #...r.
..# .... #.... ..# ....
#..) .. .... #.. ..###
.... #.# .#..
....#####.### .#.#
#.........#####g#.#
#......†).#...@o..#
#....)....#...oS.)#
#.........#......)#
#.........##....#......S
#.........##....#....#.#
#.........##....#.####
#######.#####.........
#.......###.####
##........#.#


You could see an adder, an orc, a hobgoblin and a friendly orc.

Vanquished Creatures
  An orc wizard (D:3)
  3 adders
  2 oozes
  2 orcs (D:3)
  3 bats
  4 hobgoblins
  2 quokkas (D:3)
  A giant gecko (D:1)
  2 giant newts (D:3)
  4 goblins (D:1)
  3 jackals (D:3)
  2 kobolds
  2 rats (D:1)
31 creatures vanquished.

Notes
Turn   | Place    | Note
--------------------------------------------------------------
     0 | D:1      | M4edhros the Octopode Artificer began the quest for the Orb.
     0 | D:1      | Reached XP level 1. HP: 13/13 MP: 3/3
   530 | D:1      | Reached XP level 2. HP: 11/18 MP: 4/4
   804 | D:2      | Reached XP level 3. HP: 21/23 MP: 5/5
  1192 | D:3      | Reached XP level 4. HP: 15/28 MP: 6/6
  1197 | D:3      | Reached skill level 4 in Stealth
  1394 | D:3      | HP: 1/28 [adder (1)]
  1394 | D:3      | Slain by an adder

Vault maps used:
D:1:      minmay_arrival_pointy, minmay_misc_feat_encased
D:3:      first_bread

Action                   |  1- 3 |  4- 6 || total
-------------------------+-------+-------++-------
Melee: Dagger            |    41 |    17 ||    58
       Short sword       |     2 |       ||     2
Evoke: Wand              |     2 |     2 ||     4
  Use: Scroll            |     2 |       ||     2
 Stab: Sleeping          |     7 |     1 ||     8
  Eat: Chunk             |       |     1 ||     1
